Map: Abyssal Reef LE

Players

Yata - Winner!

  • Race: Zerg Zerg
  • League: Platinum
  • Spawn Location: 5:00

BaygonV

  • Race: Terran Terran
  • League: Platinum
  • Spawn Location: 11:00

VOD

Have the link to the VOD?

Description

Time

  • Played on: Oct. 10, 2017, 9:38 p.m.
  • Length: 26:36
Show
View Real Time Build Order
Export as new Build Order

Yata Zerg - Winner!

Build Orders: Hatch First 

Get SALT Encoding   

  12  0:01  Drone  
  13  0:13  Overlord  
  13  0:17  Drone  
  14  0:31  Drone x2  
  14  0:35  Drone  
  17  0:55  Drone  
  17  0:56  Hatchery  
  17  0:59  Drone  
  18  1:09  Extractor  
  17  1:16  Spawning Pool  
  17  1:18  Drone  
  17  1:21  Drone  
  18  1:28  Drone  
  19  1:41  Overlord  
  19  1:50  Drone  
  20  2:02  Drone  
  20  2:03  Queen  
  20  2:07  Queen  
  25  2:11  Zergling x2  
  25  2:12  Zergling x2  
  25  2:13  Metabolic Boost  
  27  2:21  Drone, Evolution Chamber  
  27  2:26  Drone  
  28  2:55  Baneling Nest  
  27  2:59  Drone x6  
  33  3:17  Drone x2  
  34  3:23  Zergling x2  
  34  3:26  Overlord, Hatchery  
  34  3:30  Zergling x2  
  35  3:36  Zerg Melee Weapons Level 1  
  35  3:45  Overlord x2  
  35  3:51  Drone x4  
  39  3:57  Zergling x2  
  40  4:03  Zergling x2  
  40  4:04  Zergling x2  
  40  4:09  Drone x6  
  48  4:14  Extractor  
  47  4:18  Queen  
  49  4:28  Pneumatized Carapace  
  49  4:33  Extractor  
  49  4:38  Drone x10  
  58  4:43  Zergling x2  
  59  4:52  Baneling x4  
  59  5:02  Overlord x3  
  59  5:20  Queen  
  52  5:46  Zergling x4  
  52  5:47  Zergling x28  
  59  5:56  Zergling x8  
  61  5:57  Zergling x2  
  61  6:01  Zerg Ground Armor Level 1  
  58  6:22  Lair  
  58  6:26  Drone x2  
  58  6:27  Hatchery, Drone x7  
  62  6:46  Baneling x5, Hatchery  
  61  6:48  Zergling x14  
  68  6:54  Overlord x3  
  68  7:11  Extractor  
  68  7:12  Queen  
  69  7:25  Hydralisk Den  
  68  7:33  Drone x8  
  68  7:34  Drone x2  
  78  7:38  Queen  
  78  7:40  Queen  
  82  7:44  Baneling  
  82  7:45  Baneling x6  
  82  7:46  Baneling  
  82  7:47  Zergling x2, Queen  
  82  7:48  Zergling x8  
  89  7:52  Overlord x2  
  89  7:58  Hydralisk  
  89  7:59  Hydralisk  
  93  8:08  Hydralisk  
  93  8:11  Hydralisk x3  
  101  8:13  Queen  
  101  8:16  Zergling x8  
  106  8:45  Overlord x4  
  106  8:46  Overlord x2  
  106  9:03  Queen  
  106  9:05  Muscular Augments  
  106  9:08  Zerg Melee Weapons Level 2  
  108  9:10  Hydralisk x2  
  108  9:11  Hydralisk x6  
  108  9:12  Hydralisk  
  108  9:14  Zergling x2  
  108  9:15  Zergling x2  
  128  9:32  Overlord  
  128  9:33  Overlord x5  
  128  9:43  Overlord x2  
  121  9:51  Zergling x18  
  112  10:12  Zergling x2  
  112  10:13  Zergling x14  
  114  10:35  Zergling x4  
  116  10:36  Hatchery  
  116  10:39  Hatchery  
  114  10:46  Zergling x2  
  114  10:47  Zergling x8  
  119  10:57  Drone x5  
  124  11:18  Hydralisk  
  124  11:19  Hydralisk x4  
  134  11:32  Zergling x2  
  130  11:33  Zergling x8  
  130  11:38  Drone  
  133  11:51  Drone  
  133  11:52  Drone x3  
  137  12:00  Drone x5  
  142  12:14  Drone x13  
  155  12:28  Zergling x4  
  155  12:29  Zergling x12  
  163  12:33  Overlord  
  160  12:38  Centrifical Hooks  
  157  12:47  Baneling  
  157  12:48  Baneling x20  
  157  13:13  Zergling x2  
  157  13:14  Zergling x14  
  157  13:17  Overlord x4  
  157  13:18  Overlord x3  
  165  13:35  Hatchery  
  165  13:38  Zergling x12  
  165  13:39  Zergling x30  
  179  13:55  Zergling x2  
  135  13:56  Zergling x14  
  135  14:01  Zergling x6  
  135  14:02  Zergling x4  
  132  14:08  Zergling x2  
  132  14:09  Zergling x16  
  121  14:15  Zergling x4  
  122  14:24  Hydralisk x4  
  130  14:35  Zergling x2  
  130  14:36  Zergling x2  
  132  14:39  Hatchery  
  132  14:44  Infestation Pit  
  130  14:51  Drone x6  
  130  14:52  Drone  
  137  14:54  Drone  
  138  15:15  Extractor  
  138  15:17  Extractor  
  136  15:24  Zergling x28  
  136  15:25  Zergling x4  
  152  15:35  Zergling x2  
  152  15:36  Zergling x8  
  152  15:40  Hydralisk  
  152  15:41  Hydralisk x2  
  159  15:44  Zergling x2  
  159  15:45  Zergling x4  
  156  15:56  Zergling x2  
  157  15:57  Zergling x12  
  157  16:03  Hive  
  163  16:07  Drone x2  
  165  16:12  Baneling x7  
  165  16:13  Baneling x2  
  140  16:22  Zergling x12  
  127  16:27  Zergling x2  
  127  16:28  Zergling x6  
  121  16:36  Zergling x2  
  121  16:37  Zergling x10  
  110  17:00  Zergling x18  
  119  17:07  Zerg Ground Armor Level 2  
  119  17:08  Hatchery  
  109  17:33  Hatchery  
  108  17:38  Zergling x28  
  108  17:39  Zergling x20  
  108  17:40  Zergling x2  
  108  17:41  Zergling x2  
  134  17:51  Zergling x10  
  135  17:52  Zergling x6  
  141  18:07  Ultralisk Cavern  
  139  18:15  Hydralisk x8  
  139  18:16  Hydralisk x2  
  159  18:21  Baneling x6  
  159  18:22  Baneling x5  
  159  18:23  Baneling  
  159  18:26  Drone x4  
  163  18:28  Drone  
  164  18:50  Hydralisk x4  
  164  18:51  Hydralisk x7  
  164  18:54  Zergling x4  
  164  18:55  Zergling x2  
  179  19:14  Drone x11  
  179  19:15  Drone x8  
  186  19:26  Zergling x2  
  186  19:27  Zergling x18  
  183  19:35  Zergling x2  
  170  19:39  Queen  
  170  19:43  Drone x3  
  170  19:44  Drone x3  
  178  19:52  Drone x7  
  181  19:59  Zergling x2  
  181  20:00  Zergling x10  
  178  20:10  Ultralisk  
  178  20:11  Ultralisk x3  
  188  20:20  Zergling x18  
  191  20:24  Drone x3  
  191  20:25  Drone  
  191  20:26  Drone  
  191  20:27  Drone  
  197  20:32  Baneling x8  
  197  20:33  Baneling x3  
  197  20:39  Zerg Melee Weapons Level 3  
  197  20:42  Chitinous Plating  
  197  20:51  Drone x3  
  188  21:33  Ultralisk  
  188  21:36  Zergling x2  
  188  21:37  Zergling x8  
  187  21:57  Zergling x2  
  187  21:58  Zergling x38  
  187  21:59  Zergling x16  
  154  22:13  Zergling x2  
  154  22:14  Zergling x10  
  154  22:15  Zergling x2  
  161  22:24  Spire  
  161  22:28  Zergling x2, Hydralisk  
  161  22:29  Hydralisk x5  
  173  22:34  Extractor x2, Drone x2  
  173  22:35  Drone x2  
  173  22:36  Drone x2  
  177  22:38  Baneling  
  177  22:39  Baneling x5  
  177  22:40  Baneling x6  
  177  22:41  Baneling x3  
  177  22:43  Hydralisk  
  177  22:44  Hydralisk x7  
  193  22:57  Hydralisk x3  
  162  23:23  Zergling x8  
  162  23:24  Zergling x46  
  175  23:30  Zergling x2  
  174  23:34  Queen  
  174  23:35  Queen  
  174  23:39  Corruptor  
  174  23:40  Corruptor x5  
  190  23:48  Zerg Flyer Weapons Level 1  
  190  23:50  Hydralisk  
  190  23:54  Zergling x16  
  200  24:08  Adrenal Glands  
  200  24:22  Baneling x3  
  200  24:23  Baneling x4  
  200  24:28  Extractor  
  200  24:29  Extractor  
  198  24:36  Extractor  
  197  24:38  Extractor  
  180  24:56  Viper  
  161  25:00  Ultralisk  
  161  25:05  Zergling x2  
  161  25:06  Zergling x46  
  161  25:15  Zergling x6  
  164  25:25  Zergling x10  
  164  25:26  Zergling x4  
  148  25:56  Zergling x2  
  148  25:57  Zergling x38  
  148  26:03  Zergling x2  
  166  26:09  Zergling x4  
  166  26:10  Zergling x8  
  172  26:16  Zergling x2  
  173  26:19  Drone  
Show
View Real Time Build Order
Export as new Build Order

BaygonV Terran 

Build Orders: Reaper Expand, MMM Bio 

Get SALT Encoding   

  12  0:01  SCV  
  13  0:13  SCV  
  14  0:17  Supply Depot  
  14  0:25  SCV  
  15  0:39  SCV  
  15  0:40  Barracks  
  16  0:45  Refinery  
  16  0:51  SCV  
  17  1:03  SCV  
  18  1:15  SCV  
  19  1:27  Orbital Command  
  19  1:29  Reaper  
  20  1:45  Command Center  
  20  1:54  SCV  
  21  1:58  Barracks  
  21  2:02  Barracks Reactor  
  21  2:07  SCV  
  22  2:16  Supply Depot  
  22  2:19  SCV  
  23  2:23  Barracks  
  23  2:38  SCV  
  24  2:47  Marine  
  24  2:48  Marine  
  24  2:50  SCV  
  28  2:53  Barracks Reactor  
  28  2:55  Barracks Tech Lab  
  28  2:59  Orbital Command  
  28  3:02  SCV  
  28  3:12  Barracks Reactor  
  28  3:13  Marine  
  28  3:14  SCV, Marine x2  
  28  3:15  Combat Shields  
  32  3:26  SCV x2  
  33  3:31  Marine x2  
  35  3:37  Marine  
  35  3:38  SCV x2  
  38  3:49  Marine x3, Engineering Bay  
  38  3:50  SCV  
  38  3:51  Supply Depot  
  38  3:52  Marine  
  38  3:54  Marine  
  44  4:04  SCV  
  45  4:10  Marine  
  45  4:12  Marine  
  45  4:13  Marine, SCV  
  45  4:14  Supply Depot, Marine  
  50  4:22  Marine, SCV  
  50  4:23  Missile Turret  
  52  4:28  Marine  
  52  4:31  SCV  
  54  4:32  Barracks  
  54  4:34  Barracks  
  54  4:39  Marine  
  54  4:40  Marine  
  54  4:41  Marine x2  
  58  4:45  Marine  
  58  4:50  Stimpack  
  59  4:57  Marine x2  
  59  4:59  Marine  
  62  5:02  Terran Infantry Weapons Level 1  
  62  5:10  Supply Depot  
  62  5:12  Supply Depot  
  62  5:27  Supply Depot x2  
  62  5:29  Supply Depot  
  62  5:31  Marine x6  
  62  5:32  SCV x2  
  59  5:38  Marine  
  60  5:44  SCV  
  60  5:49  Marine x6  
  67  5:56  Marine  
  67  6:07  Marine x6  
  68  6:14  SCV, Marine  
  67  6:22  Supply Depot  
  67  6:25  Marine x2  
  69  6:26  Marine x2  
  69  6:27  Marine x2  
  69  6:28  SCV  
  74  6:36  Marine, SCV  
  76  6:42  Supply Depot  
  76  6:43  Marine, Marauder  
  76  6:44  Marine x3, SCV  
  83  6:48  SCV, Marine  
  85  6:56  Marine  
  85  6:57  SCV  
  85  7:00  Marine  
  88  7:02  Refinery  
  88  7:03  Factory  
  88  7:05  Refinery, SCV, Marauder  
  91  7:16  Marine  
  91  7:17  SCV, Command Center  
  91  7:19  Barracks Reactor  
  93  7:25  Marine  
  93  7:26  Marauder  
  96  7:30  Marine x2  
  98  7:38  Marine x2  
  100  7:46  Marine  
  100  7:47  Marauder  
  100  7:48  Marine  
  100  7:49  Factory Tech Lab  
  104  7:54  Missile Turret  
  104  7:56  Factory, Missile Turret  
  104  7:58  SCV  
  105  8:00  Refinery  
  105  8:09  Marauder  
  107  8:21  Marine x2, SCV  
  107  8:24  Marine x2, SCV  
  107  8:26  Marine  
  110  8:30  Marine  
  110  8:33  SCV  
  109  8:34  Marine x2  
  109  8:36  SCV  
  109  8:39  Marine x2  
  109  8:44  Marine  
  109  8:48  Marine x2  
  104  8:49  Marine, SCV  
  104  8:50  Siege Tank  
  104  8:51  SCV  
  104  8:52  Marine  
  104  8:53  Marauder  
  114  9:01  SCV  
  115  9:14  Supply Depot, Marauder  
  115  9:16  Supply Depot  
  115  9:17  Marine x3  
  117  9:18  SCV  
  117  9:21  Factory Reactor, SCV  
  122  9:25  SCV  
  122  9:30  SCV  
  124  9:33  SCV  
  124  9:35  Marauder  
  98  9:57  Marauder  
  92  10:03  SCV  
  92  10:04  Marine  
  94  10:08  SCV  
  94  10:14  Marine x4  
  81  10:17  Marine x2  
  81  10:18  Marauder  
  77  10:21  Marine  
  77  10:25  Siege Tank  
  77  10:26  Hellion x2  
  77  10:27  SCV x2  
  87  10:28  Infernal Pre-Igniter  
  87  10:31  Marine  
  87  10:32  Marine x3  
  87  10:35  Marine x2, SCV  
  93  10:39  Marine, SCV  
  93  10:40  Marauder  
  98  10:45  SCV  
  98  10:46  Command Center  
  98  10:48  Hellion x2  
  98  10:49  Marine x2, SCV  
  105  10:50  Marine x2  
  105  10:55  Barracks x2  
  105  10:56  Armory  
  108  10:57  Siege Tank  
  108  11:00  SCV  
  108  11:01  SCV, Marine x2, Marauder  
  108  11:02  SCV, Marine  
  119  11:07  Marine x2  
  121  11:12  SCV  
  121  11:15  Supply Depot  
  121  11:17  Supply Depot  
  122  11:23  Marine x3, Marauder  
  131  11:25  Hellion x2  
  131  11:26  SCV  
  131  11:29  Siege Tank  
  135  11:36  Marine x2  
  135  11:38  Terran Infantry Armor Level 1, SCV  
  135  11:39  Supply Depot  
  138  11:40  Supply Depot  
  138  11:44  Marauder  
  138  11:45  Terran Vehicle Weapons Level 1  
  140  11:53  Marine  
  140  11:54  Marine x2  
  142  11:55  SCV x2  
  142  11:58  Refinery  
  142  12:00  Refinery  
  145  12:02  Siege Tank  
  145  12:03  Supply Depot  
  145  12:04  Marine  
  145  12:05  Marine, Marauder  
  145  12:06  Supply Depot  
  152  12:11  Starport  
  152  12:16  Starport  
  152  12:30  Marine x3  
  155  12:39  Marine x2  
  155  12:40  Marine, SCV  
  159  12:47  Marine x2  
  161  12:52  Refinery x2  
  161  12:53  Starport Reactor  
  161  12:54  Starport Reactor  
  161  12:59  Armory, SCV  
  161  13:04  SCV  
  161  13:05  Marine  
  163  13:06  Marine x4, Marauder  
  163  13:07  SCV  
  171  13:21  Marine x2  
  173  13:27  Marine x2, Marauder  
  173  13:28  Marine x3  
  173  13:31  Siege Tank  
  173  13:32  Terran Infantry Weapons Level 2, SCV, Hellion x2  
  188  13:39  Marine  
  189  13:53  Liberator x2, Hellion  
  189  13:54  Marine  
  189  13:55  Marine  
  143  13:57  Marine  
  143  13:59  Marine x2  
  143  14:00  Marine x3  
  123  14:04  SCV  
  123  14:05  SCV  
  123  14:09  Siege Tank, Hellion  
  113  14:12  Marine x2  
  113  14:15  SCV, Marine, Hellion  
  125  14:17  Marine x2  
  125  14:18  Marine x2  
  125  14:19  Marauder  
  131  14:30  Marine  
  129  14:35  SCV  
  130  14:40  Marauder, Orbital Command  
  130  14:41  Siege Tank, Marine x2  
  130  14:44  Orbital Command  
  137  14:47  SCV  
  137  14:50  Marine  
  137  14:51  Marine  
  137  14:52  Hellion  
  142  14:53  Hellion  
  142  14:57  SCV  
  142  14:58  Liberator  
  145  15:01  Marauder  
  145  15:03  Marine x2  
  145  15:06  Refinery  
  149  15:09  Marine x2  
  149  15:10  Marine x2  
  149  15:12  Marine, SCV  
  149  15:13  Siege Tank, SCV  
  159  15:16  Refinery  
  159  15:19  Barracks Tech Lab  
  162  15:23  Marauder  
  162  15:27  Marine  
  165  15:30  Barracks Reactor  
  153  15:40  SCV  
  153  15:41  Marine x4  
  153  15:42  SCV  
  158  15:45  Siege Tank  
  161  15:51  Marine  
  161  15:53  Marine, SCV  
  161  15:54  Marine x2, SCV  
  146  16:20  SCV x2, Marine  
  118  16:27  Marine x3  
  118  16:30  Marine, SCV  
  118  16:31  Marine  
  107  16:33  SCV  
  107  16:38  Marine  
  107  16:39  Marine x3  
  100  16:40  SCV, Marine, Marauder  
  100  16:43  SCV  
  100  16:44  Marine  
  100  16:45  Marine x2  
  108  16:48  Marine  
  108  16:51  Marine  
  108  16:52  Siege Tank  
  113  16:56  Marine x2  
  113  16:58  Marauder  
  113  16:59  SCV  
  118  17:01  Marine x2  
  118  17:02  Marauder  
  122  17:11  SCV  
  123  17:19  Marauder  
  125  17:23  Marauder  
  125  17:24  Siege Tank  
  125  17:27  Marine x2  
  132  17:35  Marine  
  133  17:50  Supply Depot, Marine  
  133  17:51  Marine x2  
  133  17:53  Supply Depot  
  133  18:11  SCV, Marine x5  
  133  18:12  Marauder  
  141  18:14  Siege Tank, SCV, Marine x2  
  141  18:15  Marauder  
  149  18:24  Supply Depot  
  149  18:25  Supply Depot x2  
  149  18:34  Orbital Command  
  149  18:36  Supply Depot x2  
  149  18:37  Supply Depot  
  149  18:45  SCV, Marine x3  
  149  18:46  Marine x4, Hellion x2  
  149  18:47  Siege Tank, SCV, Marine x4  
  169  18:57  SCV  
  169  18:59  SCV  
  170  19:03  Marine x3  
  170  19:04  Marine x2  
  170  19:05  Marauder  
  170  19:07  Hellion x2  
  178  19:10  SCV  
  178  19:11  SCV  
  178  19:12  Marine x2  
  178  19:17  Marine x2  
  168  19:18  SCV  
  168  19:19  Siege Tank  
  168  19:22  SCV  
  168  19:23  SCV  
  175  19:26  Liberator x4  
  175  19:30  Marine x2  
  175  19:31  Marine x2  
  165  19:32  Marine, Marauder  
  165  19:33  SCV  
  165  19:34  SCV  
  158  19:41  Marine x2  
  158  19:42  Marauder  
  158  19:44  SCV  
  175  19:50  Refinery  
  175  19:51  Refinery, Siege Tank  
  172  20:06  Marine  
  173  20:08  Liberator, Marine x2  
  173  20:09  Marine x2, SCV  
  173  20:13  Marine x2  
  180  20:15  Marine x3  
  180  20:16  Liberator, Marine  
  180  20:19  Hellion x2  
  180  20:20  SCV  
  181  20:23  Siege Tank, SCV  
  181  20:24  Marine, SCV  
  190  20:29  Marine x2  
  190  20:33  SCV  
  190  20:34  Marine  
  197  20:42  Supply Depot  
  197  20:43  Supply Depot  
  197  20:44  Supply Depot  
  197  20:59  Marine x2  
  197  21:03  Marine x2  
  197  21:04  SCV  
  200  21:08  Liberator x2  
  200  21:09  Marine  
  190  21:19  Marine x4  
  190  21:20  Marine x3, Marauder  
  190  21:21  Marine  
  190  21:22  Marine  
  190  21:23  SCV  
  195  21:26  SCV  
  195  21:27  Marine  
  197  21:35  SCV  
  197  21:36  Marine x2  
  197  21:37  Marine  
  200  21:41  Command Center  
  200  21:44  Supply Depot  
  200  21:45  Command Center  
  200  21:47  Supply Depot  
  166  22:05  Marine x2  
  166  22:07  Supply Depot  
  168  22:09  Supply Depot  
  168  22:13  SCV  
  169  22:22  SCV, Marine  
  171  22:24  Marine, Marauder  
  171  22:26  Hellion x3  
  171  22:27  SCV  
  171  22:29  SCV  
  182  22:36  SCV  
  183  22:46  Planetary Fortress  
  183  22:48  Hellion x3  
  189  22:54  Marine  
  189  22:55  SCV, Marauder  
  189  22:57  Command Center x2  
  193  23:01  Command Center  
  193  23:02  Refinery, Marine x3  
  193  23:03  Refinery, Marine  
  195  23:18  Liberator  
  138  23:29  Marine x2  
  138  23:30  Marine x2  
  138  23:31  Siege Tank, Marauder  
  138  23:33  Hellion x2  
  138  23:34  Marine x2  
  151  23:35  Marauder  
  151  23:37  SCV  
  159  23:44  SCV  
  160  23:52  Marine x3  
  160  23:53  Marine x2  
  160  23:54  SCV, Hellion x2  
  170  24:03  Siege Tank  
  173  24:40  Marine x2  
  173  24:42  Marine x2  
  177  24:45  Marine x2  
  167  24:57  Marine x2  
  111  25:00  Marine  
  111  25:02  Marine x2  
  111  25:03  Marine x3  
  111  25:04  SCV  
  111  25:06  Marine x3  
  90  25:07  SCV  
  90  25:12  Siege Tank  
  89  25:14  Marine  
  89  25:15  Marine  
  89  25:16  Hellion  
  89  25:17  SCV, Hellion  
  89  25:18  SCV  
  89  25:19  SCV  
  97  25:24  Marauder  
  94  25:33  Marine x2  
  87  25:35  Marine x2  
  87  25:38  Hellion x2  
  87  25:39  Marine x2  
  87  25:40  Marine x2  
  87  25:41  Marauder  
  86  25:44  Siege Tank  
  86  25:45  SCV  
  86  25:46  Marine  
  81  25:50  Marine  
  81  25:51  Marine  
  83  25:59  Hellion  
  66  26:05  Marine  
  66  26:06  Marine  
  64  26:16  Marine x2  
  64  26:17  Marine x2  
Tags
 
Composition
MMM Bio
Matchup
TvZ
Replay Pack
Pack 1
Spawn Locations
Cross Positions
Add a new tag
Caveats
  • Supply blocks, unpowered buildings, or Contaminate may cause inaccurate times.
  • Supply counts are checked every 10 seconds.